 Dungeon Crawl Stone Soup version 0.28.0 (webtiles) character file.

Game seed: 15656647755945032301

104 KamiKatze the Shield-Bearer (level 4, -5/24 HPs)
             Began as a Vine Stalker Fighter on Feb 6, 2022.
             Slain by an ogre (17 damage)
             ... on level 3 of the Dungeon.
             The game lasted 00:04:52 (1835 turns).

KamiKatze the Shield-Bearer (Vine Stalker Fighter)  Turns: 1835, Time: 00:04:52

Health: -5/24      AC:  6    Str: 21    XL:     4   Next: 80%
Magic:  0/5        EV:  9    Int:  8    God:
Gold:   118        SH: 10    Dex: 13    Spells: 3/3 levels left

rFire   . . .      SeeInvis .   a - +0 rapier
rCold   . . .      Faith    .   c - +0 buckler
rNeg    . . .      Spirit   +   b - +0 scale mail
rPois   .          Reflect  +   (no helmet)
rElec   .          Harm     .   (no cloak)
rCorr   .          Rampage  .   (no gloves)
Will    .....                   (no boots)
Stlth   ..........              p - amulet of reflection
HPRegen 0.88/turn               (no ring)
MPRegen 0.09/turn               (no ring)

@: no status effects
A: fangs 2, regeneration 1, magic shield, antimagic bite, no potion heal 2
a: no special abilities


You were on level 3 of the Dungeon.
You visited 1 branch of the dungeon, and saw 3 of its levels.

You collected 118 gold pieces.

Inventory:

Hand Weapons
 a - a +0 rapier (weapon)
Missiles
 f - 41 stones (quivered)
 q - 6 poisoned darts
Armour
 b - a +0 scale mail (worn)
 c - a +0 buckler (worn)
 i - a +0 chain mail
Jewellery
 p - an amulet of reflection (around neck)
Scrolls
 e - 2 scrolls of noise {unknown}
 k - a scroll of teleportation {unknown}
 m - 2 scrolls of immolation {unknown}
 o - a scroll of identify {unknown}
Potions
 d - 3 potions of might
 g - 2 potions of lignification {unknown}
 h - a potion of experience {unknown}
 j - a potion of magic {unknown}
 l - a potion of flight {unknown}
 n - a potion of invisibility {unknown}
 r - a potion of brilliance {unknown}
 s - a potion of mutation {unknown}
 t - a potion of curing {unknown}


   Skills:
 + Level 3.2 Fighting
 * Level 3.1 Short Blades
 - Level 2.4 Armour
 * Level 3.7 Shields


You had 3 spell levels left.
You didn't know any spells.
Your spell library was empty.

Dungeon Overview and Level Annotations

Branches:
Dungeon (3/15)

Altars:
The Shining One


Innate Abilities, Weirdness & Mutations

You have extremely sharp teeth.
Your natural rate of healing is unusually fast.
When hurt, damage is shared between your health and your magic reserves.
Your bite disrupts and absorbs the magic of your enemies.
Potions cannot restore your health.


Message History

You kill the endoplasm!
No target in view!
No target in view!
An adder comes into view.
The adder hisses angrily.
You hit the adder. Your bite misses the adder.
The adder is moderately wounded.
The adder misses you.
You puncture the adder!
You kill the adder!
No target in view!
No target in view!
Found a spear.
You now have 114 gold pieces (gained 6).
You see here a +0 spear.
s - a viscous amethyst potion You see here a ball python skeleton.
t - a bubbling dark potion An endoplasm comes into view.
The endoplasm quivers.
The endoplasm jiggles.
You block the endoplasm's attack.
You hit the endoplasm.
You kill the endoplasm!
No target in view!
No target in view!
You now have 118 gold pieces (gained 4).
No target in view!
An ogre comes into view. It is wielding a +0 giant club.
The ogre shouts!
Unknown command.
You puncture the ogre!
The ogre is moderately wounded.
The ogre hits you with a +0 giant club!
Ouch! That really hurt!
You hit the ogre.
The ogre is heavily wounded.
The ogre hits you with a +0 giant club!!
Ouch! That really hurt!
You die...

###
#######.##............
#..
.................(....
#.# #..#.##########.
#.# #....# #. #.#
##.### #. #.#########
#.# #. #.........# #.#
#>
#.######..#########.#
#.
#.#####...##....@O..#
#.
...>.......#.########
##. ...........#.#
######..
..####.#...#.##
#....... #.#
#.#......# #.####.>
#.# #.##...#.# #.# ###
#.# #.##...#.# #.#
#.####......#.# #.#
#.....[....##.# #.#


You could see an ogre.

Vanquished Creatures
  A hound zombie (D:3)
  3 adders
  4 orcs (D:3)
  2 bats
  10 endoplasms
  2 giant cockroaches (D:3)
  3 goblins
  7 hobgoblins
  2 jackals (D:1)
  3 quokkas (D:3)
  3 ball pythons
  7 frilled lizards
  3 kobolds (D:2)
  5 rats
55 creatures vanquished.

Notes
Turn   | Place    | Note
-------+----------+-------------------------------------------
     0 | D:1      | KamiKatze the Vine Stalker Fighter began the quest for the
                  | Orb.
     0 | D:1      | Reached XP level 1. HP: 11/11 MP: 2/2
   301 | D:1      | Reached XP level 2. HP: 14/16 MP: 3/3
   830 | D:2      | Found a faded altar of an unknown god.
   894 | D:2      | Found a glowing golden altar of the Shining One.
   918 | D:2      | Reached XP level 3. HP: 18/19 MP: 4/4
  1367 | D:3      | Gained mutation: Your natural rate of healing is unusually
                  | fast. [Vine Stalker growth]
  1367 | D:3      | Reached XP level 4. HP: 18/24 MP: 5/5
  1824 | D:3      | Noticed an ogre
  1835 | D:3      | Slain by an ogre

Illustrated notes

Levels and vault maps discovered:
D:1:      dpeg_chamrin_arrival_tetris, layout_basic, wad_floor_pattern_2,
          glass_columns_b, minmay_quantized
D:2:      layout_basic, basic_ecumenical_altar, basic_altar,
          kennysheep_generic_room_16
D:3:      layout_loops_ring

Skill      XL: |  1  2  3  4 |
---------------+-------------+-----
Short Blades   | 2 3 |  3.1
Shields        | 3 |  3.7
Fighting       | 3 |  3.2
Armour         | |  2.4

Action                   |  1- 3 |  4- 6 || total
-------------------------+-------+-------++-------
Melee: Rapier            |    82 |    49 ||   131
       Bite              |    14 |    10 ||    24
Armor: Scale mail        |    29 |     8 ||    37
Dodge: Dodged            |    25 |    12 ||    37
Block: Buckler           |    16 |    23 ||    39
